 Dungeon Crawl Stone Soup version 0.18.1-48-g4cf74bf (webtiles) character file.

91 Metae the Ruffian (level 4, -10/40 HPs)
             Began as a Ghoul Monk on July 4, 2016.
             Mangled by an ogre
             ... wielding a +0 giant club
              (19 damage)
             ... on level 3 of the Dungeon.
             The game lasted 00:10:29 (1897 turns).

Metae the Ruffian (Ghoul Monk)                      Turns: 1897, Time: 00:10:31

Health: -10/40     AC:  2    Str: 14    XL:     4   Next: 59%
Magic:  3/3        EV: 13    Int:  5    God:
Gold:   50         SH:  0    Dex: 12    Spells: 0 memorised, 3 levels left

rFire  . . .     SeeInvis .       - Unarmed
rCold  + . .     Gourm    .     a - +0 robe
rNeg   + + +     Faith    +     (no shield)
rPois  ∞         Spirit   .     (no helmet)
rElec  .         Dismiss  .     (no cloak)
rCorr  .         Reflect  .     (no gloves)
SustAt .         Harm     .     (no boots)
MR     .....                    p - amulet of faith
Stlth  ++........               (no ring)
                                (no ring)

@: rotting, not resistant to hostile enchantments, unstealthy
A: rotting body, claws 1, carnivore 3, cold resistance 1, negative energy
resistance 3, slow regeneration 1, torment resistance, unbreathing
a: no special abilities


You were on level 3 of the Dungeon.
You were not hungry.

You visited 1 branch of the dungeon, and saw 3 of its levels.

You collected 50 gold pieces.

Inventory:

Hand Weapons
 g - a cursed -1 dagger
 q - a cursed -2 short sword
Armour
 a - a +0 robe (worn)
 c - a +0 ring mail
Jewellery
 p - an amulet of faith (around neck)
Scrolls
 h - a scroll of enchant weapon {unknown}
 i - 2 scrolls of identify {unknown}
 n - a scroll of remove curse {unknown}
Potions
 d - a potion of mutation {unknown}
 e - 2 potions of magic {unknown}
 f - a potion of degeneration {unknown}
 j - a potion of curing {unknown}
 k - a potion of haste {unknown}
 o - a potion of cancellation {unknown}
 r - a potion of beneficial mutation {unknown}
Comestibles
 b - a meat ration
 l - 3 chunks of flesh
 m - a beef jerky


   Skills:
 * Level 4.1 Fighting
 + Level 1.1 Armour
 * Level 3.3 Dodging
 * Level 3.2 Stealth
 + Level 4.4 Unarmed Combat


You had 3 spell levels left.
You didn't know any spells.

Dungeon Overview and Level Annotations

Branches:
Dungeon (3/15)

Altars:
Cheibriados
Dithmenos
Gozag
Sif Muna
Yredelemnul
Zin


Innate Abilities, Weirdness & Mutations

Your body is rotting away.
You thrive on raw meat.
You are immune to poison.
You have sharp fingernails.
You are carnivorous and can eat meat at any time.
Your flesh is cold resistant.
You are immune to negative energy.
You regenerate slowly when monsters are visible.
You are immune to unholy pain and torment.
You can survive without breathing.


Message History

You scratch the goblin.
The goblin is heavily wounded.
You scratch the goblin.
You kill the goblin!
You see here a club.
r - a metallic cyan potion
There is a stone staircase leading up here.
A goblin and an ogre come into view.
The ogre hits you with a giant club!
You scratch the ogre but do no damage. The ogre hits you with a giant club!
You scratch the ogre but do no damage. The ogre hits you with a giant club!
* * * LOW HITPOINT WARNING * * *
You scratch the ogre.
The ogre is lightly wounded.
You scratch the ogre.
The ogre is lightly wounded.
The ogre misses you.
Some of the chunks of flesh in your inventory have rotted away.
The ogre hits you with a giant club!!
You die...

###### #.##.# #
#.##.# # #.##.# #
#.##.# # #.##.#
#############.##.#
..............##.#
############...O.#
#
####.###@########
#
#....(...........
#
#........########
# #........#
#......).#
#........#
#........#
#........#
########.#


You could see an ogre.

Vanquished Creatures
  2 adders (D:2)
  3 oozes
  2 worms (D:3)
  2 dart slugs (D:2)
  5 giant geckos
  3 giant cockroaches
  4 goblins
  4 hobgoblins
  2 jackals (D:1)
  A quokka (D:2)
  A ball python (D:1)
  5 bats
  5 kobolds
  7 rats
46 creatures vanquished.

Notes
Turn   | Place    | Note
--------------------------------------------------------------
     0 | D:1      | Metae the Ghoul Monk began the quest for the Orb.
     0 | D:1      | Reached XP level 1. HP: 19/19 MP: 0/0
   163 | D:1      | Reached XP level 2. HP: 11/26 MP: 1/1
   355 | D:1      | Reached XP level 3. HP: 14/31 MP: 2/2
   696 | D:2      | Found a snail-covered altar of Cheibriados.
   860 | D:2      | Reached XP level 4. HP: 27/40 MP: 3/3
   904 | D:2      | Reached skill level 1 in Armour
  1206 | D:2      | Found a basalt altar of Yredelemnul.
  1207 | D:2      | Found a glowing silver altar of Zin.
  1209 | D:2      | Found an opulent altar of Gozag.
  1209 | D:2      | Found a shadowy altar of Dithmenos.
  1392 | D:2      | Found a deep blue altar of Sif Muna.
  1878 | D:3      | Noticed an ogre
  1897 | D:3      | Mangled by an ogre

Skill      XL: |  1  2  3  4 |
---------------+-------------+-----
Dodging        | 3 |  3.3
Stealth        | 3 |  3.2
Fighting       | 4 |  4.1
Armour         | 1 |  1.1
Unarmed Combat | |  4.4

Action                   |  1- 3 |  4- 6 || total
-------------------------+-------+-------++-------
Melee: Unarmed           |    97 |    58 ||   155
       Punch             |     3 |       ||     3
 Stab: Sleeping          |     4 |     2 ||     6
  Eat: Chunk             |     6 |     4 ||    10
Armor: Robe              |    18 |     8 ||    26
Dodge: Dodged            |    68 |    19 ||    87
